 Dungeon Crawl Stone Soup version 0.28.0-53-g5a82cb258f (console) character file.

Game seed: 9904481003767898787

3619 erker the Geomancer (level 10, -8/60 HPs)
             Began as an Octopode Earth Elementalist on July 23, 2022.
             Was an Initiate of Gozag.
             Mangled by a death yak (29 damage)
             ... on level 8 of the Dungeon on July 24, 2022.
             The game lasted 00:41:49 (8430 turns).

erker the Geomancer (Octopode Earth Elementalist)   Turns: 8430, Time: 00:41:49

Health: -8/60      AC:  1    Str:  8    XL:     10   Next: 11%
Magic:  14/17      EV: 13    Int: 27    God:    Gozag
Gold:   810        SH:  0    Dex: 13    Spells: 6/19 levels left

rFire   . . .      SeeInvis .   a - +1 dagger (venom)
rCold   . . .      Faith    .   (no shield)
rNeg    . . .      Spirit   .   (helmet restricted)
rPois   .          Reflect  .   (no amulet)
rElec   .          Harm     .   o - +6 ring of intelligence
rCorr   .          Rampage  .   (no ring)
Will    .....                   (no ring)
Stlth   ++++......              (no ring)
HPRegen 0.20/turn               (no ring)
MPRegen 0.15/turn               (no ring)
                                (no ring)
                                (no ring)

@: no status effects
A: almost no armour, amphibious, 8 rings, camouflage 1, gelatinous body 1,
(nimble swimmer 1), tentacles
a: Renounce Religion, Potion Petition, Call Merchant, Bribe Branch


You were on level 8 of the Dungeon.
You worshipped Gozag.
Gozag was pleased with you.
You visited 2 branches of the dungeon, and saw 9 of its levels.

You collected 885 gold pieces.
You paid 75 gold pieces to Gozag.

Inventory:

Hand Weapons
 a - a +1 dagger of venom (weapon)
 b - a +0 hand crossbow
 f - a +0 short sword
 s - a +0 rapier
 C - a +3 dagger
Missiles
 g - 8 poisoned darts (quivered)
 E - 5 curare-tipped darts
 F - 40 stones
 G - 56 bolts
 I - a throwing net
Jewellery
 o - a +6 ring of intelligence (left tentacle)
 v - an amulet of faith
Wands
 u - a wand of mindburst (9)
 A - a wand of acid (9)
 D - a wand of flame (31)
 L - a wand of iceblast (7)
 M - a wand of charming (11)
Scrolls
 e - 2 scrolls of blinking
 i - 3 scrolls of vulnerability
 l - 4 scrolls of fear
 n - 2 scrolls of noise {unknown}
 p - a scroll of magic mapping {unknown}
 w - 5 scrolls of teleportation
 y - a scroll of acquirement {unknown}
 B - a scroll of enchant armour {unknown}
 H - a scroll of enchant weapon {unknown}
 K - a scroll of silence {unknown}
Potions
 c - a potion of brilliance
 d - a potion of flight
 h - a potion of haste
 j - 3 potions of heal wounds
 k - a potion of resistance
 m - a potion of cancellation {unknown}
 q - a potion of magic
 t - a potion of degeneration {unknown}
 x - 4 potions of curing
 J - a potion of attraction {unknown}


   Skills:
 - Level 2.0 Fighting
 - Level 2.0 Short Blades
 - Level 2.0 Dodging
 - Level 6.0 Stealth
 + Level 5.0 Spellcasting
 - Level 2.0 Hexes
 - Level 4.0 Summonings
 - Level 8.0 Transmutations
 + Level 8.6 Earth Magic


You had 6 spell levels left.
You knew the following spells:

 Your Spells              Type           Power      Damage    Failure   Level
a - Sandblast             Erth           100%       2d20      1%          1
d - Call Canine Familiar  Summ           28%        N/A       4%          3
g - Summon Guardian Gole  Hex/Summ       22%        N/A       6%          3
p - Petrify               Tmut/Erth      51%        N/A       2%          4
w - Passwall              Tmut/Erth      42%        N/A       1%          2

Your spell library contained the following spells:

 Spells                   Type           Power      Damage    Failure   Level
 Summon Small Mammal      Summ           100%       N/A       1%          1
 Stone Arrow              Conj/Erth      60%        3d10      3%          3
 Magic Dart               Conj           24%        1d4       7%          1
 Pain                     Necr           24%        1d5       7%          1
 Searing Ray              Conj           12%        2d4       11%         2
 Cause Fear               Hex            8%         N/A       30%         4
 Fulminant Prism          Conj/Hex       6%         3d7       43%         4


Dungeon Overview and Level Annotations

Branches:
Dungeon (8/15)             Temple (1/1) D:4
   Lair: D:8-11

Altars:
Ashenzari
Cheibriados
Dithmenos
Elyvilon
Fedhas
Gozag
Hepliaklqana
Kikubaaqudgha
Makhleb
Nemelex Xobeh
Qazlal
Ru
Trog
Uskayaw
Vehumet
Wu Jian
Yredelemnul
Zin
The Shining One

Annotations:
D:8 Maurice


Innate Abilities, Weirdness & Mutations

You cannot wear most types of armour.
You are amphibious.
You can wear up to eight rings at the same time.
Your skin changes colour to match your surroundings (Stealth+).
Your rubbery body absorbs attacks. (AC +1, EV +1)
((You are camouflaged when in or above water. (Stealth+)))
You have tentacles for arms and can constrict up to eight enemies at once.


Message History

* * * LOW HITPOINT WARNING * * *
The river rat bites your guardian golem.
The river rat bites your guardian golem.
The river rat bites your guardian golem but does no damage.
The death yak looks more healthy.
Press: ? - help, v - describe, . - travel
Here: a death yak (severely wounded)
The floor.
Unknown command.
Unknown command.
You see here a +1 dagger of venom.
Unknown command.
Unknown command.
Unknown command.
Things that are here:
a +0 hand axe; a +0 scale mail You see here a +0 ring mail.
Items here: )) [[.
The death yak snorts and paws the ground.
You see here 6 gold pieces.
Casting: Sandblast (safe; 1% risk of failure)
Confirm with . or Enter, or press ? or * to list all spells.
The death yak gores you!!
* * * LOW HITPOINT WARNING * * *
You swap places.
Your hound bites the death yak but does no damage.
The death yak gores your hound!!
Your hound dies!
Your hound's corpse disappears in a puff of smoke!
There is a stone staircase leading up here.
You see here a +1 dagger of venom.
There is a stone staircase leading up here.
The death yak barely misses you.
Things that are here:
a +0 dagger; a +0 robe
Casting: Call Canine Familiar (dangerous; 4% risk of failure)
Confirm with . or Enter, or press ? or * to list all spells.
The death yak gores you!!
You die...
Your body crumbles into a pile of gold.

.########.......# #....# .###
###...### ####.# ...##### #...#
###.# .......# #...# #...#
...###.# #).)# #.###
...###.####...###### #.#
.....#.....).......####.#########
.......<..............$.##.......
.....#......)..Y@h.###§$##Y##c$..
.......####...###### #.§.r..Y....
..>.#### #...# #..##.##.... ....#
#...# #..## ##§### ....# #...#
..... #Y# )...# #...#
.####.#.###.### .####
##.#####.####....##.Y.. .#
#.#...............c##. .#
######.#................##.


You could see a death yak (ally target) and a friendly hound (summoned).

Vanquished Creatures
  Eustachio (D:5)
  Menkaure (D:6)
  A black bear (D:5)
  2 ogres (D:5)
  2 centaurs
  A kobold brigand (D:5)
  Blork the orc (D:5)
  2 scorpions (D:5)
  2 wights (D:8)
  A howler monkey (D:7)
  2 orc priests
  5 hounds
  A centaur skeleton (D:7)
  An iguana (D:4)
  3 orc wizards
  A killer bee zombie (D:6)
  A howler monkey zombie (D:8)
  6 gnolls
  6 adders
  An adder zombie (D:5)
  An adder skeleton (D:4)
  A worm (D:3)
  3 dart slugs
  4 orcs
  11 endoplasms
  3 giant cockroaches
  4 goblins
  4 hobgoblins
  2 jackals (D:1)
  12 kobolds
  5 quokkas
  6 ball pythons
  5 bats
  4 frilled lizards
  6 rats
112 creatures vanquished.

Vanquished Creatures (collateral kills)
  A hornet (D:8)
  A wight (D:8)
  2 iguanas (D:5)
  A killer bee zombie (D:7)
  A river rat (D:8)
  A shadow imp (D:6)
  An orc (D:8)
  A quokka (D:8)
  A kobold (D:5)
  2 rats (D:8)
12 creatures vanquished.

Vanquished Creatures (others)
  2 death yaks (D:8)
  A troll (D:7)
  An ogre (D:7)
  A centaur (D:8)
  4 wights (D:7)
9 creatures vanquished.

Grand Total: 133 creatures vanquished

Notes
Turn   | Place    | Note
-------+----------+-------------------------------------------
     0 | D:1      | erker the Octopode Earth Elementalist began the quest for
                  | the Orb.
     0 | D:1      | Reached XP level 1. HP: 11/11 MP: 3/3
   172 | D:1      | Reached XP level 2. HP: 17/17 MP: 5/5
   175 | D:1      | Learned a level 2 spell: Passwall
   737 | D:1      | Reached XP level 3. HP: 19/21 MP: 6/6
  1325 | D:2      | Reached skill level 1 in Fighting
  1325 | D:2      | Reached skill level 1 in Short Blades
  1325 | D:2      | Reached XP level 4. HP: 8/28 MP: 4/7
  2335 | D:3      | Found an ornate altar of the Wu Jian Council.
  2409 | D:3      | Found a blossoming altar of Fedhas.
  2414 | D:3      | Found a shadowy altar of Dithmenos.
  2432 | D:3      | Found a hazy altar of Hepliaklqana.
  2758 | D:3      | Found a faded altar of an unknown god.
  2964 | D:4      | Learned a level 3 spell: Call Canine Familiar
  2995 | D:4      | Reached XP level 5. HP: 34/34 MP: 8/8
  3316 | D:4      | Found a staircase to the Ecumenical Temple.
  3325 | Temple   | Entered the Ecumenical Temple
  3587 | D:4      | Reached skill level 1 in Summonings
  3790 | D:5      | Entered Level 5 of the Dungeon
  3792 | D:5      | Found an opulent altar of Gozag.
  3792 | D:5      | Noticed a black bear
  3807 | D:5      | Killed a black bear
  3808 | D:5      | Reached XP level 6. HP: 16/39 MP: 1/9
  3990 | D:5      | Noticed Eustachio
  4156 | D:5      | Reached XP level 7. HP: 45/45 MP: 3/10
  4336 | D:5      | Killed Eustachio
  4389 | D:5      | Became a worshipper of Gozag Ym Sagoz the Greedy
  4519 | D:5      | Learned a level 4 spell: Petrify
  4539 | D:5      | Reached skill level 5 in Earth Magic
  4960 | D:5      | Noticed Blork the orc
  5011 | D:5      | Reached XP level 8. HP: 28/50 MP: 5/11
  5018 | D:5      | HP: 2/50 [kobold/+0 dagger (3)]
  5066 | D:5      | Reached skill level 5 in Transmutations
  5438 | D:5      | Killed Blork the orc
  5774 | D:6      | Noticed Menkaure
  5783 | D:6      | Killed Menkaure
  6309 | D:7      | Learned a level 3 spell: Summon Guardian Golem
  6508 | D:7      | Found a sparkling altar of Nemelex Xobeh.
  6559 | D:7      | Reached skill level 1 in Hexes
  6643 | D:7      | Reached XP level 9. HP: 54/54 MP: 10/15
  6646 | D:7      | Noticed a troll
  6655 | D:7      | Killed a troll
  7219 | D:8      | Got Sif Muna's Papyrus of Dark Glamour
  7438 | D:8      | Noticed a death yak
  7753 | D:8      | Noticed a death yak
  7753 | D:8      | Noticed a death yak
  8038 | D:8      | Noticed Maurice
  8134 | D:8      | Noticed a hornet
  8144 | D:8      | Paralysed by a hornet for 3 turns
  8146 | D:8      | Killed a hornet
  8147 | D:8      | Reached skill level 5 in Stealth
  8260 | D:8      | Killed a death yak
  8264 | D:8      | Killed a death yak
  8265 | D:8      | Reached XP level 10. HP: 51/60 MP: 8/17
  8275 | D:8      | Reached skill level 5 in Spellcasting
  8430 | D:8      | Mangled by a death yak

Illustrated notes

Levels and vault maps discovered:
D:1:      doesnt_arrival_eight_statues, layout_basic
D:2:      layout_rooms, minmay_indecisive_spiral
D:3:      layout_loops_cross, pdpol_wu_jian_five_deadly_venoms, fedhas_altar_1,
          grunt_dithmenos_smoke, mainiacjoe_overflow_catwalk,
          dilly_ecumenical_altar_fadedgnrine
D:4:      layout_gridville, minmay_temple_entry_glassed_door
D:5:      layout_rooms, grunt_gozag_breadcrumbs, uniq_blork_the_orc,
          uniq_eustachio
D:6:      layout_cave_pools, uniq_menkaure
D:7:      layout_loops_cross, kennysheep_little_box
D:8:      layout_loops_cross, lemuel_round_altar, dpeg_lair_monsters,
          chequers_serial_rivers_micro_b, serial_park_tiny_pond, uniq_maurice
Temple:   nicolae_temple_god_jail

Skill      XL: |  1  2  3  4  5  6  7  8  9 10 |
---------------+-------------------------------+-----
Stealth        | 3 4 6 |  6.0
Fighting       | 1 2 |  2.0
Short Blades   | 1 2 |  2.0
Earth Magic    | 4 6 8 |  8.6
Summonings     | 2 4 |  4.0
Transmutations | 3 4 6 8 |  8.0
Spellcasting   | 4 5 |  5.0
Hexes          | 2 |  2.0
Dodging        | |  2.0

Action                   |  1- 3 |  4- 6 |  7- 9 | 10-12 || total
-------------------------+-------+-------+-------+-------++-------
Melee: Unarmed           |    25 |       |       |       ||    25
       Constrict         |    15 |     8 |     6 |       ||    29
       Tentacles         |    10 |     6 |    11 |       ||    27
       Dagger            |     8 |    57 |    42 |     3 ||   110
       Short sword       |     6 |       |       |       ||     6
       Punch             |     1 |       |       |     1 ||     2
Throw: Dart              |       |     4 |     3 |       ||     7
 Cast: Sandblast         |    17 |    13 |    63 |     1 ||    94
       Call Canine Famil |       |     3 |    20 |     3 ||    26
       Passwall          |       |       |     7 |       ||     7
       Summon Guardian G |       |       |    13 |     2 ||    15
       Petrify           |       |       |     4 |       ||     4
Evoke: Wand              |       |     2 |       |       ||     2
  Use: Scroll            |       |       |     9 |       ||     9
       Potion            |       |       |     5 |       ||     5
 Stab: Sleeping          |     9 |    18 |     7 |       ||    34
       Petrified         |       |       |     4 |       ||     4
Armor: Skin              |     4 |     2 |     2 |       ||     8
Dodge: Dodged            |    26 |    27 |    37 |     3 ||    93
